 Dungeon Sprint DCSS version 0.23.2-30-g0e89c35649 (webtiles) character file.

Game seed: 3628735838233199520

1763 Kobolds4U the Carver (level 8, -2/83 HPs)
             Began as a Minotaur Berserker on June 10, 2019.
             Was an Elder of Trog.
             Slain by a demonic crawler (4 damage)
             ... in the Dungeon (Sprint I: "Red Sonja").
             The game lasted 00:03:37 (862 turns).

Kobolds4U the Carver (Minotaur Berserker)            Turns: 862, Time: 00:03:37

Health: -2/83      AC:  3    Str: 21    XL:     8   Next: 79%
Magic:  7/7        EV: 20    Int:  4    God:    Trog [****..]
Gold:   405        SH:  0    Dex: 13    Spells: 7/7 levels left

rFire    . . .     SeeInvis .   a - +0 falchion
rCold    . . .     Gourm    .   (no shield)
rNeg     . . .     Faith    .   k - +0 leather armour
rPois    .         Spirit   .   (helmet restricted)
rElec    .         Reflect  .   (no cloak)
rCorr    .         Harm     .   (no gloves)
MR       .....     NoTele   +   (no boots)
Stlth    +.........             (no amulet)
HPRegen  0.23/turn              (no ring)
MPRegen  0.10/turn              (no ring)

@: berserk cooldown, starving, slowed, very slow
A: retaliatory headbutt, horns 2
a: Berserk, Trog's Hand, Brothers in Arms, Renounce Religion


You were in the Dungeon.
You worshipped Trog.
Trog was greatly pleased with you.
You were starving.

You visited 1 branch You collected 405 gold pieces.

Inventory:

Hand Weapons
 a - a +0 falchion (weapon)
Armour
 b - a +0 animal skin
 k - a +0 leather armour (worn)
Wands
 j - a wand of polymorph (1)
Scrolls
 i - a scroll of blinking
Potions
 d - a potion of curing
 e - a potion of heal wounds
 f - a potion of haste
 g - 2 potions of magic
 h - a potion of berserk rage
Comestibles
 c - 2 rations


   Skills:
 * Level 12.2 Fighting
 - Level 14.1 Long Blades
 - Level 2.4 Armour
 * Level 13.1 Dodging


You had 7 spell levels left.
You didn't know any spells.
Your spell library was empty.

Dungeon Overview and Level Annotations

Branches:
Dungeon (1/1)

Altars:
Cheibriados
Dithmenos
Elyvilon
Fedhas
Gozag
Hepliaklqana
Kikubaaqudgha
Makhleb
Nemelex Xobeh
Okawaru
Qazlal
Ru
Sif Muna
Trog
Uskayaw
Vehumet
Wu Jian
Xom
Yredelemnul
Zin
The Shining One
Jiyva
Lugonu

Shops:
D [


Innate Abilities, Weirdness & Mutations

You reflexively headbutt those who attack you in melee.
You have a pair of horns on your head.


Message History

You barely miss the demonic crawler. You headbutt the demonic crawler.
You feel the power of Trog in you as your rage grows.
You kill the demonic crawler!
Trog accepts your kill.
You can now call in reinforcements.
Your Fighting skill increases to level 12!
Your Dodging skill increases to level 13!
You feel a strong urge to attack something.
Things that are here:
a +0 dagger; a +0 robe You are no longer berserk.
You are exhausted.
You feel yourself slow down.
There is an open door here.
There's a creature in the doorway!
Your skin stops crawling.
You feel less resistant to hostile enchantments.
The demonic crawler hits you!
* * * LOW HITPOINT WARNING * * *
The demonic crawler hits you.
You die...

#######################
#..)..#.)'..#__#..s)..#
').#..'..#..'..'@s#)..##+#
#####'#####'#__####...†..#
####..#...#)#### #####..+
#__####..##[# +##
#_____##'#_.+
#_.∩...'..._#
#_..__##_.#'#
#_____###+#.# ####### ###


You could see 2 demonic crawlers.

Vanquished Creatures
  2 kobold demonologists (D)
  2 demonic crawlers (D)
  A slime creature (D)
  A yak (D)
  Sigmund (D)
  A floating eye (D)
  An ogre (D)
  A jelly (D)
  Ijyb (D)
11 creatures vanquished.

Notes
Turn   | Place    | Note
-------+----------+-------------------------------------------
     0 | D        | Kobolds4U the Minotaur Berserker began the quest for the
                  | Orb.
     0 | D        | Reached XP level 1. HP: 19/19 MP: 0/0
     1 | D        | Noticed Ijyb
     9 | D        | Killed Ijyb
     9 | D        | Reached skill level 6 in Long Blades
     9 | D        | Reached XP level 2. HP: 14/26 MP: 1/1
   253 | D        | Noticed an ogre
   255 | D        | Killed an ogre
   255 | D        | Reached skill level 9 in Long Blades
   255 | D        | Reached XP level 3. HP: 31/31 MP: 2/2
   255 | D        | Reached XP level 4. HP: 39/39 MP: 3/3
   307 | D        | Noticed Sigmund
   338 | D        | Killed Sigmund
   338 | D        | Reached ** piety under Trog
   338 | D        | Reached skill level 12 in Long Blades
   338 | D        | Reached XP level 5. HP: 8/45 MP: 4/4
   582 | D        | Found an ornate altar of the Wu Jian Council.
   582 | D        | Found a deep blue altar of Sif Muna.
   584 | D        | Found a radiant altar of Vehumet.
   587 | D        | Reached XP level 6. HP: 51/53 MP: 5/5
   611 | D        | Found Dyraujun's Armour Emporium.
   611 | D        | Found an ancient bone altar of Kikubaaqudgha.
   611 | D        | Found a hazy altar of Hepliaklqana.
   611 | D        | Found a stormy altar of Qazlal.
   611 | D        | Found a hide-covered altar of Uskayaw.
   611 | D        | Found a blossoming altar of Fedhas.
   611 | D        | Found a bloodstained altar of Trog.
   611 | D        | Found an iron altar of Okawaru.
   611 | D        | Found a basalt altar of Yredelemnul.
   611 | D        | Found a glowing golden altar of the Shining One.
   611 | D        | Found a snail-covered altar of Cheibriados.
   611 | D        | Found a sacrificial altar of Ru.
   611 | D        | Found a glowing silver altar of Zin.
   611 | D        | Found a shadowy altar of Dithmenos.
   611 | D        | Found a white marble altar of Elyvilon.
   611 | D        | Noticed a yak
   622 | D        | Killed a yak
   623 | D        | Found an opulent altar of Gozag.
   624 | D        | Found a sparkling altar of Nemelex Xobeh.
   710 | D        | Found a viscous altar of Jiyva.
   710 | D        | Found a corrupted altar of Lugonu.
   710 | D        | Noticed a slime creature
   711 | D        | Found a burning altar of Makhleb.
   711 | D        | Found a shimmering altar of Xom.
   721 | D        | Killed a slime creature
   721 | D        | Reached *** piety under Trog
   721 | D        | Reached skill level 13 in Long Blades
   721 | D        | Reached skill level 10 in Dodging
   721 | D        | Reached XP level 7. HP: 54/69 MP: 6/6
   792 | D        | Noticed a kobold demonologist
   793 | D        | Noticed a kobold demonologist
   794 | D        | Noticed a sun demon
   805 | D        | Noticed a rust devil
   805 | D        | Killed a kobold demonologist
   805 | D        | Reached skill level 10 in Fighting
   805 | D        | Reached XP level 8. HP: 75/79 MP: 7/7
   816 | D        | Killed a kobold demonologist
   816 | D        | Reached **** piety under Trog
   835 | D        | Noticed a demonic crawler
   835 | D        | Noticed a demonic crawler
   835 | D        | Noticed a demonic crawler
   835 | D        | Noticed a demonic crawler
   847 | D        | Killed a demonic crawler
   847 | D        | Reached skill level 14 in Long Blades
   857 | D        | Killed a demonic crawler
   862 | D        | HP: 2/83 [demonic crawler (9)]
   862 | D        | Slain by a demonic crawler

Skill      XL: |  1  2  3  4  5  6  7  8 |
---------------+-------------------------+-----
Long Blades    | 6 9 12 13 14 | 14.1
Dodging        | 4 6 8 10 11 13 | 13.1
Fighting       | 4 8 10 12 | 12.2
Armour         | |  2.4

Action                   |  1- 3 |  4- 6 |  7- 9 || total
-------------------------+-------+-------+-------++-------
Melee: Falchion          |     8 |    29 |    42 ||    79
       Headbutt          |     4 |     8 |    13 ||    25
       Unarmed           |       |    19 |       ||    19
Invok: Berserk           |     1 |       |     1 ||     2
       Trog's Hand       |       |       |     1 ||     1
       Brothers in Arms  |       |       |     1 ||     1
Armor: Animal skin       |     2 |       |       ||     2
       Leather armour    |       |     1 |     6 ||     7
Dodge: Dodged            |     3 |    16 |    43 ||    62
       Rpst.: Falchion   |       |     3 |     7 ||    10
